 Dungeon Crawl Stone Soup version 0.23-a0-143-g1adec7b (webtiles) character file.

443 Amnesiac the Conjurer (level 6, -6/41 HPs)
             Began as a Mummy Ice Elementalist on Sept 6, 2018.
             Was a Believer of Vehumet.
             Mangled by a hippogriff (7 damage)
             ... on level 5 of the Dungeon on Sept 7, 2018.
             The game lasted 00:06:37 (3976 turns).

Amnesiac the Conjurer (Mummy Ice Elementalist)      Turns: 3976, Time: 00:06:38

Health: -6/41      AC:  3    Str: 11    XL:     6   Next: 71%
Magic:  0/12       EV: 12    Int: 17    God:    Vehumet [**....]
Gold:   114        SH:  0    Dex: 12    Spells: 5/13 levels left

rFire    x . .     SeeInvis .   e - +0 falchion
rCold    + . .     Gourm    .   (no shield)
rNeg     + + +     Faith    .   h - +1 robe {MR+}
rPois    ∞         Spirit   +   (no helmet)
rElec    .         Reflect  .   (no cloak)
rCorr    .         Harm     .   (no gloves)
MR       +....                  (no boots)
Stlth    ++........             c - amulet of guardian spirit
HPRegen  0.13/turn              (no ring)
MPRegen  0.13/turn              (no ring)

@: no status effects
A: no food or potions, fire vulnerability, cold resistance 1, negative energy
resistance 3, torment resistance, unbreathing
a: Renounce Religion


You were on level 5 of the Dungeon.
You worshipped Vehumet.
Vehumet was pleased with you.
You were not hungry.

You visited 2 branches of the dungeon, and saw 6 of its levels.

You collected 114 gold pieces.

Inventory:

Hand Weapons
 d - a +0 blowgun
 e - a +0 falchion (weapon)
 g - a +0 dagger of venom
 j - a +2 trident of protection
Missiles
 i - 13 poisoned needles
Armour
 h - a +1 robe of magic resistance (worn)
 l - a +0 pair of boots
Jewellery
 c - an amulet of guardian spirit (around neck)
Scrolls
 f - 3 scrolls of magic mapping {!r}
 k - 3 scrolls of remove curse {!r}


   Skills:
 - Level 1.5 Dodging
 - Level 1.5 Stealth
 + Level 4.0 Spellcasting
 * Level 4.2 Conjurations
 * Level 4.1 Ice Magic


You had 5 spell levels left.
You knew the following spells:

 Your Spells              Type           Power        Failure   Level  Hunger
a - Freeze                Ice            ###.         2%          1    N/A
b - Ozocubu's Armour      Chrm/Ice       ##......     21%         3    N/A
d - Throw Icicle          Conj/Ice       ###.....     28%         4    N/A

Your spell library contained the following spells:

 Spells                   Type           Power        Failure   Level  Hunger
 Shock                    Conj/Air       ##..         7%          1    N/A
 Throw Frost              Conj/Ice       ###...       4%          2    N/A
 Summon Ice Beast         Ice/Summ       ##......     54%         4    N/A

Dungeon Overview and Level Annotations

Branches:
Dungeon (5/15)             Temple (1/1) D:4

Altars:
Ashenzari
Elyvilon
Nemelex Xobeh
Sif Muna
Vehumet
Wu Jian
The Shining One


Innate Abilities, Weirdness & Mutations

You do not eat or drink.
Your flesh is vulnerable to fire.
You are immune to poison.
Your flesh is cold resistant. (rC+)
You are immune to negative energy. (rN+++)
You are immune to unholy pain and torment.
You can survive without breathing.


Message History

You freeze the hippogriff.
The hippogriff screeches!
The hippogriff is lightly wounded.
The hippogriff completely misses you.
You riposte.
You hit the hippogriff.
The hippogriff is moderately wounded.
The hippogriff pecks you. The hippogriff closely misses you.
Casting: Freeze (safe; 2% risk of failure)
Confirm with . or Enter, or press ? or * to list all spells.
Aiming: Freeze (safe; 2% risk of failure)
Press: ? - help, Shift-Dir - straight line, f/p - hippogriff
Aim: a hippogriff (moderately wounded)
You freeze the hippogriff.
The hippogriff is moderately wounded.
The hippogriff bites you. The hippogriff pecks you! The hippogriff claws you.
Casting: Freeze (safe; 2% risk of failure)
Confirm with . or Enter, or press ? or * to list all spells.
Aiming: Freeze (safe; 2% risk of failure)
Press: ? - help, Shift-Dir - straight line, f/p - hippogriff
Aim: a hippogriff (moderately wounded)
You freeze the hippogriff.
The hippogriff is moderately wounded.
The hippogriff bites you! The hippogriff pecks you.
* * * LOW HITPOINT WARNING * * *
The hippogriff claws you.
* * * LOW HITPOINT WARNING * * *
Casting: Freeze (safe; 2% risk of failure)
Confirm with . or Enter, or press ? or * to list all spells.
Aiming: Freeze (safe; 2% risk of failure)
Press: ? - help, Shift-Dir - straight line, f/p - hippogriff
Aim: a hippogriff (moderately wounded)
You freeze the hippogriff.
The hippogriff is heavily wounded.
The hippogriff bites you!
* * * LOW HITPOINT WARNING * * *
The hippogriff pecks you.
* * * LOW HITPOINT WARNING * * *
The hippogriff closely misses you.
Okay, then.
An iguana comes into view.
The iguana moves out of view.
Found a leather armour.
The iguana hisses angrily.
Found 17 stones and a twisted iron ring.
A crimson imp comes into view.
The crimson imp shouts!
The crimson imp summons a swarm of flies.
The crimson imp blinks!
The crimson imp blinks!
Found a scroll of magic mapping.
The hippogriff bites you.
* * * LOW HITPOINT WARNING * * *
The hippogriff pecks you.
* * * LOW HITPOINT WARNING * * *
The hippogriff claws you.
* * * LOW HITPOINT WARNING * * *
There is a stone staircase leading up here.
The hippogriff bites you.
* * * LOW HITPOINT WARNING * * *
The hippogriff pecks you!
* * * LOW HITPOINT WARNING * * *
The hippogriff claws you.
* * * LOW HITPOINT WARNING * * *
The hippogriff bites you!
You die...

#..........##........
##..............(....
#..........####..#...
#......5...## ##.....
#...........## ##....
#............# #....
#...l......#.# #....
##.H.......#.## #....
##.@.[.......#######
###.......#...# #.
#.......###.## #.
#.......###..###l
#............l...
................
................
#####...........
#...........


You could see a hippogriff, an iguana and a crimson imp.

Vanquished Creatures
  Sigmund (D:2)
  2 hounds (D:4)
  An orc priest (D:2)
  2 worker ants (D:4)
  3 adders
  An ooze (D:1)
  2 worms
  3 dart slugs
  2 leopard geckos (D:2)
  16 orcs
  3 giant cockroaches
  5 hobgoblins
  11 jackals
  2 ball pythons
  7 bats
  A frilled lizard (D:4)
  13 goblins
  5 kobolds
  A leopard gecko skeleton (D:4)
  10 rats
91 creatures vanquished.

Vanquished Creatures (others)
  Ijyb (D:2)
  A hobgoblin (D:2)
  A jackal (D:2)
3 creatures vanquished.

Grand Total: 94 creatures vanquished

Notes
Turn   | Place    | Note
-------+----------+-------------------------------------------
     0 | D:1      | Amnesiac the Mummy Ice Elementalist began the quest for the
                  | Orb.
     0 | D:1      | Reached XP level 1. HP: 13/13 MP: 4/4
   100 | D:1      | Reached XP level 2. HP: 17/19 MP: 0/5
   107 | D:2      | Found a radiant altar of Vehumet.
   628 | D:1      | Reached XP level 3. HP: 20/24 MP: 5/7
   702 | D:2      | Became a worshipper of Vehumet
  1186 | D:2      | Noticed Ijyb
  1293 | D:2      | Reached * piety under Vehumet
  1293 | D:2      | Offered knowledge of Magic Dart by Vehumet.
  1293 | D:2      | Reached XP level 4. HP: 30/30 MP: 7/9
  1317 | D:1      | Learned a level 4 spell: Throw Icicle
  1321 | D:1      | Learned a level 3 spell: Ozocubu's Armour
  1379 | D:2      | Found a sparkling altar of Nemelex Xobeh.
  1427 | D:2      | Reached skill level 1 in Conjurations
  1517 | D:3      | Noticed Sigmund
  1739 | D:2      | Killed Sigmund
  1739 | D:2      | Reached XP level 5. HP: 11/35 MP: 4/10
  1739 | D:2      | Reached XP level 6. HP: 13/41 MP: 4/11
  1877 | D:2      | Killed Ijyb
  2163 | D:2      | Found a glowing golden altar of the Shining One.
  2607 | D:3      | Found an ornate altar of the Wu Jian Council.
  2954 | D:4      | Reached ** piety under Vehumet
  2954 | D:4      | Offered knowledge of Shock by Vehumet.
  3033 | D:4      | Found a staircase to the Ecumenical Temple.
  3203 | D:4      | Found a shattered altar of Ashenzari.
  3847 | Temple   | Entered the Ecumenical Temple
  3867 | D:5      | Entered Level 5 of the Dungeon
  3876 | D:5      | Noticed a hippogriff
  3974 | D:5      | HP: 1/41 [hippogriff (2)]
  3976 | D:5      | Mangled by a hippogriff

Vault maps used:
D:1:      matt_arrival_grand_opening, roderic_roman_lattice
D:2:      kennysheep_the_goblin_king, nemelex_xobeh_ov_fountains_minmay,
          lemuel_doored_altar, fiery_altar_vehumet, first_ration
D:3:      nicolae_overflow_crystal_walls, uniq_sigmund
D:4:      marbit_many_paths, minmay_temple_entry_purple_smoke
D:5:      uniq_menkaure
Temple:   compressed_dpeg_triangle_lava_temple

Skill      XL: |  1  2  3  4  5  6 |
---------------+-------------------+-----
Ice Magic      | 3 4 |  4.1
Spellcasting   | 3 4 |  4.0
Conjurations   | 3 4 |  4.2
Dodging        | |  1.5
Stealth        | |  1.5

Action                   |  1- 3 |  4- 6 || total
-------------------------+-------+-------++-------
Melee: Unarmed           |     7 |       ||     7
       Dagger            |    18 |       ||    18
       Falchion          |       |     6 ||     6
 Cast: Freeze            |    72 |   102 ||   174
  Use: Scroll            |       |     6 ||     6
 Stab: Sleeping          |       |     1 ||     1
Armor: Robe              |    17 |    11 ||    28
Dodge: Dodged            |    57 |    47 ||   104
       Rpst.: Falchion   |       |    11 ||    11

Table legend:
 A = Non-vault XP
 B = Vault XP
 C = Vault XP percentage of total XP
 D = Non-vault monster count
 E = Vault monster count
 F = Vault count percentage of total count
                 A         B        C        D         E       F
            +---------+---------+-------+---------+---------+-------
      Total |     363 |     271 |  42.7 |      83 |       8 |   8.8
            +---------+---------+-------+---------+---------+-------
        D:1 |      60 |       0 |   0.0 |      32 |       0 |   0.0
        D:2 |      78 |     238 |  75.3 |      15 |       7 |  31.8
        D:3 |      45 |       0 |   0.0 |      19 |       0 |   0.0
        D:4 |     180 |      33 |  15.5 |      17 |       1 |   5.6
            +---------+---------+-------+---------+---------+-------
